 Dungeon Crawl Stone Soup version 0.16.1-11-g651b585 (webtiles) character file.

423 karlm the Charmwright (level 6, 0/42 HPs)
             Began as a High Elf Skald on Apr 5, 2015.
             Slain by a gnoll (3 damage)
             ... on level 3 of the Dungeon.
             The game lasted 00:16:20 (6358 turns).

karlm the Charmwright (High Elf Skald)              Turns: 6358, Time: 00:16:21

Health: 0/42       AC:  6    Str: 13    XL:     6   Next: 63%
Magic:  8/17       EV: 12    Int: 15    God:
Gold:   154        SH:  0    Dex: 16    Spells: 4 memorised, 4 levels left

rFire  . . .     SeeInvis .     q - +0 scimitar
rCold  + . .     Clarity  .     y - +1 leather armour {rC+}
rNeg   . . .     SustAb   .     (no shield)
rPois  .         Gourm    .     (no helmet)
rElec  .         Spirit   .     t - +1 cloak
rCorr  .         Warding  .     (no gloves)
rMut   .         Stasis   .     (no boots)
MR     .....                    (no amulet)
Stlth  ++........               (no ring)
                                (no ring)

@: infused, not resistant to hostile enchantments, unstealthy
A: no striking features
a: no special abilities


You were on level 3 of the Dungeon.
You were hungry.

You visited 1 branch of the dungeon, and saw 4 of its levels.

You collected 154 gold pieces.

Inventory:

Hand weapons
 a - a +0 falchion
 j - a +2 short sword of speed
 q - a +0 scimitar (weapon)
 w - a +0 blowgun
Missiles
 n - 125 stones (quivered)
 v - 6 poisoned needles
Armour
 t - a +1 cloak (worn)
 y - a +1 leather armour of cold resistance (worn)
Magical staves
 f - an uncursed staff of conjuration {unknown}
Jewellery
 A - an uncursed ring of wizardry {unknown}
Magical devices
 z - a wand of fireball (4)
Scrolls
 e - a scroll of noise
 k - 3 scrolls of remove curse
 m - 3 scrolls of teleportation
 r - a scroll of magic mapping
Potions
 b - a potion of flight
 g - 4 potions of curing
 i - 2 potions of heal wounds
 l - a potion of might {unknown}
 s - a potion of cancellation {unknown}
 x - a potion of brilliance {unknown}
Books
 c - a book of Battle

   Spells                             Type                      Level
   a - Infusion                       Charms                       1
   b - Shroud of Golubria             Charms/Translocation         2
   c - Song of Slaying                Charms                       2
   d - Spectral Weapon                Hexes/Charms                 3
   e - Regeneration                   Charms/Necromancy            3
Comestibles
 d - 3 bread rations
 h - 3 slices of pizza
 o - a fruit
 p - 7 chunks of flesh


   Skills:
 + Level 3.2 Fighting
 * Level 4.4 Long Blades
 + Level 2.1 Armour
 + Level 2.6 Dodging
 + Level 2.5 Stealth
 + Level 3.5 Spellcasting
 + Level 5.0 Charms


You had 4 spell levels left.
You knew the following spells:

 Your Spells              Type           Power        Failure   Level  Hunger
a - Infusion              Chrm           ###...       3%          1    None
b - Shroud of Golubria    Chrm/Tloc      ##........   17%         2    ##.....
c - Regeneration          Chrm/Necr      ##........   30%         3    ###....
d - Song of Slaying       Chrm           ###.....     6%          2    ##.....


Dungeon Overview and Level Annotations

Branches:
Dungeon (4/15)
 Temple: D:4-7

Altars:

Annotations:
D:3 karlm's ghost, average HESk
D:4 karlm's ghost, experienced CeHu


Message History

The gnoll is severely wounded.
The gnoll hits you but does no damage. The gnoll barely misses you.
You closely miss the gnoll.
The gnoll is severely wounded.
The gnoll closely misses you.
You barely miss the gnoll.
The gnoll is severely wounded.
The gnoll hits you.
* * * LOW HITPOINT WARNING * * *
You hit the gnoll.
The gnoll is severely wounded.
The gnoll barely misses you.
You barely miss the gnoll.
The gnoll is severely wounded.
The gnoll hits you.
* * * LOW HITPOINT WARNING * * *
You hit the gnoll.
The gnoll is almost dead.
The gnoll hits you.
You die...

#.#)##.).# #......#
#......#. #)#)######
####...# #..####.#
##.#.######### ###.#
#..# #..#
#............# #.# #..#
#..# #..>.)..####.# #.#
#..###.#.
#.......####.######.#
#........
#.........#.........#
#...#.#.#
#.......#[[....####.#
##..#...#
#.......[[)....g@...#
#..#####
#.......##.....####.###
##.# #
##....................#
#.#####
#..............####.#.#
#......
#.##.#.......#.####.#.#
####...
#.##................#.#
#.....
#<...####..#.#.####.#.#
#.#### #..###
#......####.#.# #.#
#..# #.##.....#..#.#
#.#


You could see a gnoll.

Vanquished Creatures
  An orc priest (D:3)
  2 hounds (D:3)
  4 orc wizards (D:3)
  Natasha (thrice) (D:3)
  2 gnolls (D:3)
  6 adders
  2 worms (D:2)
  An adder zombie (D:3)
  3 giant geckos
  14 orcs (D:3)
  3 giant cockroaches
  8 goblins
  7 hobgoblins
  16 jackals
  2 quokkas
  6 bats
  A giant gecko skeleton (D:4)
  2 giant newts
  12 kobolds
  4 rats
99 creatures vanquished.

Notes
Turn   | Place    | Note
--------------------------------------------------------------
     0 | D:1      | karlm, the High Elf Skald, began the quest for the Orb.
     0 | D:1      | Reached XP level 1. HP: 14/14 MP: 4/4
    19 | D:1      | Reached skill level 1 in Armour
   454 | D:1      | Reached XP level 2. HP: 17/19 MP: 1/6
   944 | D:1      | Reached skill level 4 in Charms
  1020 | D:2      | Reached XP level 3. HP: 20/24 MP: 4/8
  1178 | D:2      | Learned a level 2 spell: Shroud of Golubria
  1182 | D:2      | Learned a level 3 spell: Regeneration
  1739 | D:2      | Reached skill level 1 in Stealth
  2070 | D:2      | Reached XP level 4. HP: 25/30 MP: 0/11
  2351 | D:3      | Noticed karlm's ghost (average HESk)
  2972 | D:3      | Noticed Natasha
  2989 | D:3      | Killed Natasha
  2989 | D:3      | Reached XP level 5. HP: 36/36 MP: 2/13
  3542 | D:3      | Noticed Natasha
  3556 | D:3      | Killed Natasha
  3970 | D:3      | Noticed Natasha
  4033 | D:3      | Killed Natasha
  4076 | D:4      | Noticed karlm's ghost (experienced CeHu)
  4267 | D:3      | Reached XP level 6. HP: 38/42 MP: 9/17
  5552 | D:3      | Learned a level 2 spell: Song of Slaying
  6330 | D:3      | HP: 2/42 [gnoll/spear (4)]
  6347 | D:3      | Reached skill level 5 in Charms
  6358 | D:3      | Slain by a gnoll

Action                   |  1- 3 |  4- 6 || total
-------------------------+-------+-------++-------
Melee: Falchion          |    43 |       ||    43
       Short sword       |    92 |   231 ||   323
       Scimitar          |       |   124 ||   124
 Cast: Infusion          |    21 |    34 ||    55
       Shroud of Golubri |     2 |    21 ||    23
       Regeneration      |     1 |     7 ||     8
       Song of Slaying   |       |     1 ||     1
  Use: Scroll            |       |     5 ||     5
       Potion            |       |     2 ||     2
 Stab: Sleeping          |     1 |     1 ||     2
  Eat: Chunk             |     4 |    11 ||    15
       Meat ration       |       |     1 ||     1
